 Dungeon Crawl Stone Soup version 0.23-a0-396-g5214e5f (webtiles) character file.

29 galech the Skirmisher (level 3, 25/29 HPs)
             Began as a Demonspawn Fighter on Nov 2, 2018.
             Quit the game on level 1 of the Dungeon.
             The game lasted 00:00:43 (414 turns).

galech the Skirmisher (Demonspawn Fighter)           Turns: 414, Time: 00:00:44

Health: 25/29      AC:  8    Str: 16    XL:     3   Next: 1%
Magic:  3/3        EV:  7    Int: 11    God:
Gold:   9          SH:  9    Dex: 13    Spells: 2/2 levels left

rFire    . . .     SeeInvis .   a - +0 war axe
rCold    . . .     Gourm    .   c - +0 shield
rNeg     . . .     Faith    .   b - +0 scale mail
rPois    .         Spirit   .   (no helmet)
rElec    .         Reflect  .   (no cloak)
rCorr    .         Harm     .   (no gloves)
MR       .....                  i - +1 pair of boots
Stlth    +.........             j - amulet of rage
HPRegen  0.09/turn              h - +2 ring of intelligence
MPRegen  0.08/turn              (no ring)

@: no status effects
A: talons 1, nightstalker 1
a: Evoke Berserk Rage


You were on level 1 of the Dungeon.
You were not hungry.

You visited 1 branch of the dungeon, and saw 1 of its levels.

You collected 9 gold pieces.

Inventory:

Hand Weapons
 a - a +0 war axe (weapon)
Armour
 b - a +0 scale mail (worn)
 c - a +0 shield (worn)
 i - a +1 pair of boots (worn)
Jewellery
 h - a +2 ring of intelligence (left hand)
 j - an amulet of rage (around neck)
Scrolls
 e - a scroll of immolation {unknown}
Potions
 d - a potion of might
Comestibles
 f - 2 rations
 g - 7 chunks of flesh


   Skills:
 + Level 3.4 Fighting
 + Level 2.2 Axes
 + Level 2.9 Armour
 + Level 0.2 Dodging
 + Level 2.9 Shields


You had 2 spell levels left.
You didn't know any spells.
Your spell library was empty.

Dungeon Overview and Level Annotations

Branches:
Dungeon (1/15)

Altars:


Innate Abilities, Weirdness & Mutations

You have sharp toenails.
You are slightly more attuned to the shadows.


Message History

You slash the bat!
You kill the bat!
Some of the chunks of flesh in your inventory have rotted away.
No target in view!
No target in view!
No target in view!
No target in view!
No target in view!
No target in view!
No target in view!
No target in view!
No target in view!
No target in view!
No target in view!
No target in view!
No target in view!
No target in view!
No target in view!
No target in view!
Are you sure you want to abandon this character and quit the game? (Confirm

#.# #.. ######.####.#
... ............# ##.#
#######.###### #...
.....##.###### #..#
#........[....
.####..####.##.##.######
............##.#...### #
#..@................
#?####.###.#...##### #.#
#.###.##.## #.#
#........#
#.########.####
#..........#
############


There were no monsters in sight!

Vanquished Creatures
  An ooze (D:1)
  A dart slug (D:1)
  A ball python (D:1)
  2 bats (D:1)
  2 giant cockroaches (D:1)
  2 hobgoblins (D:1)
  6 jackals (D:1)
  A frilled lizard (D:1)
  A goblin (D:1)
  4 rats (D:1)
21 creatures vanquished.

Notes
Turn   | Place    | Note
-------+----------+-------------------------------------------
     0 | D:1      | galech the Demonspawn Fighter began the quest for the Orb.
     0 | D:1      | Reached XP level 1. HP: 18/18 MP: 1/1
   195 | D:1      | Gained mutation: You are slightly more attuned to the
                  | shadows. [demonic ancestry]
   195 | D:1      | Reached XP level 2. HP: 21/24 MP: 2/2
   408 | D:1      | Gained mutation: You have sharp toenails. [demonic
                  | ancestry]
   408 | D:1      | Reached XP level 3. HP: 24/29 MP: 3/3
   414 | D:1      | Quit the game

Vault maps used:
D:1:      elethiomel_arrival_infinity_welcomes_careful_drivers, corner_web_ring

Skill      XL: |  1  2 |
---------------+-------+-----
Axes           | 2 |  2.2
Fighting       | |  3.4
Armour         | |  2.9
Dodging        | |  0.2
Shields        | |  2.9

Action                   || total
-------------------------++-------
Melee: War axe           ||    62
Armor: Scale mail        ||    31
Dodge: Dodged            ||    21
Block: Shield            ||    31

Table legend:
 A = Non-vault XP
 B = Vault XP
 C = Vault XP percentage of total XP
 D = Non-vault monster count
 E = Vault monster count
 F = Vault count percentage of total count
                 A         B        C        D         E       F
            +---------+---------+-------+---------+---------+-------
      Total |      42 |       0 |   0.0 |      21 |       0 |   0.0
            +---------+---------+-------+---------+---------+-------
        D:1 |      42 |       0 |   0.0 |      21 |       0 |   0.0
            +---------+---------+-------+---------+---------+-------
